 Dungeon Crawl Stone Soup version 0.24-a0-251-g44e327e (webtiles) character file.

Game seed: 7437549521825809559

873 Borgoz the Cutter (level 8, 0/48 HPs)
             Began as a Kobold Gladiator on Apr 16, 2019.
             Was a Follower of Ashenzari.
             Shot with an arrow by a centaur (12 damage)
             ... on level 5 of the Dungeon.
             The game lasted 00:05:36 (3843 turns).

Borgoz the Cutter (Kobold Gladiator)                Turns: 3843, Time: 00:05:37

Health: 0/48       AC:  4    Str: 13    XL:     8   Next: 24%
Magic:  8/8        EV: 18    Int:  9    God:    Ashenzari [*.....]
Gold:   240        SH:  0    Dex: 17    Spells: 7/7 levels left

rFire    . . .     SeeInvis .   a - +0 rapier
rCold    . . .     Gourm    .   (shield restricted)
rNeg     . . .     Faith    .   b - +0 leather armour
rPois    .         Spirit   .   c - +0 helmet
rElec    .         Reflect  .   (no cloak)
rCorr    .         Harm     .   (no gloves)
MR       .....                  (no boots)
Stlth    +++.......             (no amulet)
HPRegen  0.16/turn              (no ring)
MPRegen  0.11/turn              (no ring)

@: no status effects
A: small, carnivore
a: Curse Item, Scrying, Renounce Religion


You were on level 5 of the Dungeon.
You worshipped Ashenzari.
Ashenzari was aware of your devotion.
You were completely stuffed.

You visited 1 branch of the dungeon, and saw 5 of its levels.
You also visited: Sewer.

You collected 240 gold pieces.

Inventory:

Hand Weapons
 a - a +0 rapier (weapon)
Missiles
 d - 2 throwing nets (quivered)
Armour
 b - a +0 leather armour (worn)
 c - a +0 helmet (worn)
 p - a +1 hat
Scrolls
 h - 4 scrolls of identify {unknown}
 i - 2 scrolls of remove curse
 l - 3 scrolls of noise {unknown}
 m - 3 scrolls of teleportation {unknown}
 n - a scroll of magic mapping {unknown}
 o - 2 scrolls of amnesia {unknown}
 r - a scroll of blinking {unknown}
Potions
 e - a potion of heal wounds
 g - a potion of lignification {unknown}
 j - 4 potions of flight
 k - 2 potions of agility
Comestibles
 f - 6 rations


   Skills:
 + Level 4.7 Fighting
 + Level 6.4 Short Blades
 - Level 2.1 Throwing
 + Level 3.0 Armour
 + Level 5.9 Dodging
 + Level 5.4 Stealth


You had 7 spell levels left.
You didn't know any spells.
Your spell library was empty.

Dungeon Overview and Level Annotations

Branches:
Dungeon (5/15)
 Temple: D:4-7

Altars:
Ashenzari
Okawaru
The Shining One


Innate Abilities, Weirdness & Mutations

You are small and have problems with some larger weapons.
You are carnivorous and can eat meat at any time.


Message History

You hit the orc.
The orc is almost dead.
The orc hits you with a +0 short sword.
* * * LOW HITPOINT WARNING * * *
Unknown command.
You hit the quokka zombie.
The quokka zombie is lightly damaged.
The quokka zombie closely misses you. The orc closely misses you.
The crimson imp blinks!
You puncture the quokka zombie!
You destroy the quokka zombie!
The orc hits you with a +0 short sword.
* * * LOW HITPOINT WARNING * * *
The crimson imp blinks!
Found a stone staircase leading down.
You hit the orc.
You kill the orc!
The centaur wields a +0 shortbow.
The centaur shoots an arrow.
The arrow hits you!
You die...

... .#.##.###
...>............ ...
.... .......... ..
..... #... .... ..
.....##.[###.# .
......)...#.<## .# #
._...!...c...§###.##..>
.........#)............
.......@##c............
###.....)o.5#.##.#.#...
########..####+..#
#...#.....#
###..#†.....#
........)._..+
...##..##......#
##.....##.....##
.......#.#+###


You could see a centaur, a crimson imp and an orc.

Vanquished Creatures
  2 sky beasts
  A crocodile (Sewer)
  A crimson imp (D:5)
  A bullfrog zombie (D:2)
  4 orc priests
  A bullfrog skeleton (D:4)
  A hound (D:4)
  2 orc wizards
  3 worker ants (D:4)
  A hound skeleton (D:4)
  4 gnolls
  5 adders
  4 worms
  2 dart slugs
  A leopard gecko (D:4)
  19 orcs
  2 giant cockroaches
  7 goblins
  8 hobgoblins
  8 jackals
  8 kobolds
  6 quokkas
  2 ball pythons
  16 bats
  7 frilled lizards
  A goblin skeleton (D:5)
  A goblin zombie (D:5)
  2 kobold zombies (D:5)
  2 orc skeletons (D:5)
  2 quokka skeletons (D:4)
  A quokka zombie (D:5)
  7 rats
132 creatures vanquished.

Notes
Turn   | Place    | Note
-------+----------+-------------------------------------------
     0 | D:1      | Borgoz the Kobold Gladiator began the quest for the Orb.
     0 | D:1      | Reached XP level 1. HP: 12/12 MP: 1/1
     2 | D:1      | Noticed a minotaur skeleton
    16 | D:1      | Noticed a minotaur skeleton
   108 | D:1      | Reached XP level 2. HP: 18/18 MP: 2/2
   109 | D:1      | Reached skill level 1 in Stealth
   449 | D:1      | Found a shattered altar of Ashenzari.
   533 | D:1      | Became a worshipper of Ashenzari the Shackled
   544 | D:1      | Reached XP level 3. HP: 22/22 MP: 3/3
   831 | D:2      | Reached skill level 1 in Armour
   831 | D:2      | Reached XP level 4. HP: 24/27 MP: 4/4
  1484 | D:2      | Reached XP level 5. HP: 29/32 MP: 5/5
  1775 | D:3      | Noticed a sky beast
  1810 | D:3      | Killed a sky beast
  1810 | D:3      | Reached skill level 5 in Short Blades
  1810 | D:3      | Reached XP level 6. HP: 23/37 MP: 6/6
  2131 | D:3      | Found a glowing drain.
  2144 | Sewer    | Entered a sewer
  2177 | Sewer    | Reached skill level 5 in Dodging
  2177 | Sewer    | Reached XP level 7. HP: 20/42 MP: 7/7
  2658 | D:3      | Reached * piety under Ashenzari
  2758 | D:3      | Found an iron altar of Okawaru.
  3479 | D:4      | Reached skill level 6 in Short Blades
  3750 | D:5      | Entered Level 5 of the Dungeon
  3766 | D:5      | Found a glowing golden altar of the Shining One.
  3808 | D:5      | Reached skill level 5 in Stealth
  3808 | D:5      | Reached XP level 8. HP: 48/48 MP: 8/8
  3834 | D:5      | Found a glowing golden altar of the Shining One.
  3843 | D:5      | Shot with an arrow by a centaur

Levels and vault maps discovered:
D:1:      shiori_arrival_whats_in_store_for_you, layout_rooms,
          evilmike_ruin_ashenzari
D:2:      layout_loops_ring
D:3:      layout_rooms, gup_sewer_entry_bowl, dk_noncrumbling_3,
          grunt_ministairs_6, okawaru_altar_gauntlet_db
D:4:      minmay_skewed_foursquare, layout_rooms, first_ration,
          minmay_misc_feat_chi
D:5:      layout_rooms, minmay_temple_entry_large_hall, basic_altar,
          nicolae_tso_besieged_by_evil
Sewer:    sewer_big_baddie

Skill      XL: |  1  2  3  4  5  6  7  8 |
---------------+-------------------------+-----
Stealth        | 1 2 3 4 5 |  5.4
Dodging        | 4 5 |  5.9
Armour         | 1 2 3 |  3.0
Fighting       | 3 4 |  4.7
Short Blades   | 5 6 |  6.4
Throwing       | |  2.1

Action                   |  1- 3 |  4- 6 |  7- 9 || total
-------------------------+-------+-------+-------++-------
Melee: Rapier            |    67 |   191 |   234 ||   492
Throw: Throwing net      |       |     1 |       ||     1
  Use: Potion            |       |     4 |     2 ||     6
 Stab: Sleeping          |     5 |     6 |     7 ||    18
       Held in net/web   |       |     1 |       ||     1
  Eat: Chunk             |       |    13 |     5 ||    18
Armor: Leather armour    |    13 |    31 |    45 ||    89
Dodge: Dodged            |    49 |   137 |   241 ||   427

Table legend:
 A = Non-vault XP
 B = Vault XP
 C = Vault XP percentage of total XP
 D = Non-vault monster count
 E = Vault monster count
 F = Vault count percentage of total count
                 A         B        C        D         E       F
            +---------+---------+-------+---------+---------+-------
      Total |     939 |     309 |  24.8 |     105 |      27 |  20.5
            +---------+---------+-------+---------+---------+-------
        D:1 |      48 |       0 |   0.0 |      21 |       0 |   0.0
        D:2 |     102 |       0 |   0.0 |      26 |       0 |   0.0
        D:3 |     301 |      28 |   8.5 |      32 |      11 |  25.6
        D:4 |     265 |     110 |  29.3 |      20 |       3 |  13.0
        D:5 |     223 |      54 |  19.5 |       6 |       7 |  53.8
      Sewer |       0 |     117 | 100.0 |       0 |       6 | 100.0
            +---------+---------+-------+---------+---------+-------
